[Event "*** SCC Grand Prix: Titled Tuesday Blitz"]
[Site "Chess.com"]
[Date "2020.08.25"]
[Round "8"]
[White "politeplayer"]
[Black "ditkin25"]
[Result "0-1"]
[WhiteElo "2204"]
[BlackElo "2410"]
[TimeControl "180+1"]
[EndTime "11:37:25 PDT"]
[Termination "ditkin25 won by resignation"]

1. e4 c6 2. d4 d5 3. exd5 cxd5 4.
Nf3 Nc6 5. c4 e6 6. Nc3 Nf6 7.
a3 Be7 8. cxd5 Nxd5 9. Bd3 O-O 10. O-O Bf6 11. Bc2 b6 12. Qd3 g6 13. Bh6 Re8 14.
Rad1 Bb7 15. Rfe1 Rc8 16. Bb3 Na5 17. Ba4 Bc6 18. Bxc6 Nxc6 19. h4 Nxc3 20. bxc3 Bxh4 21. Nxh4 Qxh4 22. Qe3 Ne7 23. Bg5 Qg4 24. f3 Qf5 25. g4 Qa5 26. c4 Rxc4 27. d5 Nxd5 28. Qe5 Qc5+ 29. Kh1 Qf2 30. Rxd5 Qxf3+ 31. Kh2 Rc2+ 32. Rd2 Rxd2+ 33. Bxd2 Qxg4 34. Bc3 Qh4+ 35. Kg2 Qg4+ 36. Kh2 Qh4+ 37. Kg2 f6 38. Qc7 Qg4+ 39. Kh2 Qh5+ 40. Kg2 Qg4+ 41. Kh2 Qh4+ 42. Kg2 Qg5+ 43. Kh2 Qc5 44.
Qxc5 bxc5 45. Bxf6 Kf7 46. Be5 Rd8 47. Rf1+ Ke8 48.
Bf6 Rd3 49. Kg2 Rxa3 50. Be5 Re3 51. Bd6 c4 52. Bc5 Re2+ 53. Kf3 Re5 54. Bd4 Rf5+ 55.
Ke4 Rxf1 0-1

[Event "*** SCC Grand Prix: Titled Tuesday Blitz"]
[Site "Chess.com"]
[Date "2020.08.25"]
[Round "8"]
[White "NoboaKevin1999"]
[Black "katchesskat"]
[Result "0-1"]
[WhiteElo "2404"]
[BlackElo "2282"]
[TimeControl "180+1"]
[EndTime "11:37:26 PDT"]
[Termination "katchesskat won on time"]

1. d4 c5 2. d5 e5 3. Nc3 a6 4. a4 d6 5. e4 Ne7 6. Bd3 Ng6 7. Nge2 Be7 8. Be3 O-O 9. O-O Bg5 10. Qd2 Bxe3 11. fxe3 Nd7 12. Ng3 Nf6 13. h3 b6 14.
Rf2 Rb8 15. Raf1 Bd7 16. Bxa6 b5 17. Bxb5 Bxb5 18. Nxb5 c4 19. Qb4 Qb6 20. Re1 Ne8 21.
Qxc4 Ne7 22. b3 g6 23. Qd3 h5 24. Na3 h4 25. Nf1 Qb4 26. Nc4 Qxe1 27. a5 Qb4 28. Nfd2 Ra8 29. Nf3 Nf6 30. Nxh4 Nh5 31. Rf3 Qe1+ 32.
Qf1 Qxh4 33. Qd3 Qe1+ 34. Kh2 Qb4 35. g4 Ng7 36. h4 f6 37. Rf1 Kf7 38. Ra1 Rh8 39.
Kg3 f5 40. g5 fxe4 41. Qxe4 Ngf5+ 42. Kf2 Kg7 43. Ra4 Qc5 44. b4 Qc7 45. Nb6 Rab8 46.
b5 Rxh4 47. Qd3 Rxb6 48. axb6 Qxb6 49. Rxh4 Nxh4 50. c4 Nhf5 51. Qe4 Qc5 52. Qd3 Qb4 53. Kf3 Nh4+ 54. Kg4 Nef5 55. e4 Qe1 56. exf5 Nxf5 0-1

[Event "*** SCC Grand Prix: Titled Tuesday Blitz"]
[Site "Chess.com"]
[Date "2020.08.25"]
[Round "8"]
[White "SanchezKelvin"]
[Black "parintele_chess"]
[Result "0-1"]
[WhiteElo "2388"]
[BlackElo "2155"]
[TimeControl "180+1"]
[EndTime "11:37:26 PDT"]
[Termination "parintele_chess won on time"]

1. e4 c5 2. Nf3 Nc6 3. d4 cxd4 4. Nxd4 e5 5. Nb5 a6 6. Nd6+ Bxd6 7. Qxd6 Qf6 8. Qd2 Qg6 9. f3 Nge7 10. c4 d6 11.
Nc3 O-O 12. Bd3 Nd4 13. O-O f5 14. Qg5 f4 15. Qxg6 hxg6 16. b3 Be6 17. Ba3 Rad8 18. Rfd1 Kf7 19. Rac1 Nec6 20. Nd5 g5 21. h3 Rh8 22.
Kf2 Bxh3 23. gxh3 Rxh3 24. Bf1 Rxf3+ 25. Kg1 Rg3+ 26. Kf2 Rh8 27. Bg2 Rh2 28. Rg1 Rf3+ 29.
Ke1 g4 30. Bxf3 Nxf3+ 31. Kf1 Nxg1 32. Kxg1 Rxa2 33. Bxd6 f3 34. Bc5 g3 35. Rf1 f2+ 36.
Kg2 Nd4 37. Kxg3 Ke6 38. Bxd4 exd4 39. Rxf2 Ra3 40. Rf3 Ke5 41. Nf4 Kxe4 42. Ne6 d3 43. Nc5+ Kd4 44. Nxd3 Rxb3 45. Nf4 Rxf3+ 46. Kxf3 Kxc4 47.
Ne6 g6 48. Nf4 b5 49. Nxg6 Kc3 50. Ke2 Kc2 51. Nf4 b4 52. Ne6 b3 53. Nd4+ Kc3 0-1

[Event "*** SCC Grand Prix: Titled Tuesday Blitz"]
[Site "Chess.com"]
[Date "2020.08.25"]
[Round "8"]
[White "ChessyInstinct"]
[Black "dosto07"]
[Result "1-0"]
[WhiteElo "2484"]
[BlackElo "2318"]
[TimeControl "180+1"]
[EndTime "11:37:27 PDT"]
[Termination "ChessyInstinct won on time"]

1. d4 d5 2. c4 dxc4 3. Nf3 Nf6 4. e3 e6 5. Bxc4 c5 6. O-O a6 7. a4 Nc6 8. Nc3 Be7 9. h3 O-O 10. Re1 b6 11. b3 Bb7 12. Bb2 Qc7 13. d5 exd5 14.
Nxd5 Nxd5 15. Qxd5 Na5 16. Qh5 Nxc4 17. bxc4 Qc6 18.
Red1 Rfd8 19. Qg4 f6 20. Nh4 Qe4 21. Nf5 Qxg4 22. Nxe7+ Kf7 23. hxg4 Kxe7 24. f3 a5 25. Rdb1 Ba6 26. Bc3 Rab8 27. g5 Bxc4 28. gxf6+ gxf6 29. Rb2 Rd3 30. Bxa5 Rxe3 31. Bxb6 Kd7 32. Bxc5 Rxb2 33.
Bxe3 Re2 34. Bd4 f5 35. a5 Ba6 36. Rd1 Kc6 37. Bb6 h5 38. Rd4 Re5 39. Rh4 Be2 40. Rxh5 Rd5 41. Rh6+ Kb5 42. Kf2 Bc4 43. Rf6 Rd2+ 44. Kg3 Bd3 45. Rg6 Bf1 46. Kh2 f4 47. Rg5+ Ka6 48. Rg4 Rb2 49. Bc7 Kb7 50. Bxf4 Ka6 51.
Bc7 Kb7 52. Bb6 Kc6 53. f4 Be2 54. Rg3 Bf1 55. f5 Bc4 56. f6 Bf7 57. Rg7 Bd5 58. f7 Rf2 59. Bxf2 1-0

[Event "*** SCC Grand Prix: Titled Tuesday Blitz"]
[Site "Chess.com"]
[Date "2020.08.25"]
[Round "8"]
[White "VMikhalevski"]
[Black "Onegust"]
[Result "1-0"]
[WhiteElo "2730"]
[BlackElo "2578"]
[TimeControl "180+1"]
[EndTime "11:37:28 PDT"]
[Termination "VMikhalevski won by checkmate"]

1. Nf3 Nf6 2. g3 b6 3. Bg2 Bb7 4. O-O g6 5. b3 Bg7 6. Bb2 O-O 7. c4 d6 8. d4 Ne4 9. Nbd2 Nxd2 10. Qxd2 e6 11. Rfd1 Nd7 12. Rac1 Nf6 13. d5 Qe7 14. Nd4 Rae8 15. Nc6 Bxc6 16. dxc6 Nh5 17. Ba3 e5 18. b4 e4 19. c5 dxc5 20. bxc5 e3 21. Qxe3 Qxe3 22. fxe3 Rxe3 23. cxb6 Rxa3 24. bxc7 Be5 25. Rd7 Rxa2 26. Rc5 Bf6 27. Rb5 Rxe2 28. Rb8 Ree8 29. Rb7 Ng7 30. Rxa7 Ne6 31. Kf1 Rc8 32. Bd5 Be5 33. Bxe6 fxe6+ 34. Ke2 Rf7 35. Rd8+ Rf8 36. Rd7 Rf7 37. Kd3 Kg7 38. Kc4 Kf6 39. Kc5 Re7 40.
Kb6 Ree8 41. Kb7 Bc3 42. Ra3 Be5 43. Rf3+ Kg5 44. Rxh7 Kg4 45. Rff7 Ra8 46. Rd7 Ra1 47. Rd8 Rb1+ 48. Kc8 Rxd8+ 49. cxd8=Q Rb8+ 50. Kd7 Rxd8+ 51. Kxd8 Bf6+ 52. Kd7 Be5 53. Kxe6 Bb8 54. c7 Kg5 55. cxb8=Q Kg4 56. Qf4# 1-0

[Event "*** SCC Grand Prix: Titled Tuesday Blitz"]
[Site "Chess.com"]
[Date "2020.08.25"]
[Round "8"]
[White "CHESSMASTER759"]
[Black "GukeshDommaraju"]
[Result "0-1"]
[WhiteElo "2546"]
[BlackElo "2718"]
[TimeControl "180+1"]
[EndTime "11:37:28 PDT"]
[Termination "GukeshDommaraju won on time"]

1. e4 c5 2. c3 Nf6 3. e5 Nd5 4. Nf3 e6 5. d4 cxd4 6. cxd4 d6 7. a3 Bd7 8. Bd3 Bc6 9. O-O Nd7 10. b4 a6 11.
Nbd2 Be7 12. Ne4 dxe5 13. dxe5 O-O 14. Qe2 Qc7 15. Ng3 Nc3 16. Bxh7+ Kh8 17. Qc4 Nxe5 18. Nxe5 Qxe5 19. Bb2 Bb5 20. Qb3 Bxf1 21. Bxc3 Qd5 22. Qxd5 exd5 23. Kxf1 Kxh7 24. Nf5 Bf6 25. Bxf6 gxf6 26.
Rd1 Rad8 27. g4 Rfe8 28. Rd3 Re4 29. Rh3+ Kg8 30. Rc3 Rd7 31. h3 Kh7 32. Kg2 Rc4 33. Rd3 d4 34. Kf3 Rc3 35. Ke4 Kg6 36. h4 Rd8 37. Ne7+ Kh7 38. Nf5 b5 39. f3 Re8+ 40.
Kxd4 Rc4+ 41. Kd5 Rd8+ 42. Nd6 Rcc8 43. Rd4 Rc7 44. f4 Kg7 45. Ke4 Re7+ 46. Kf5 Red7 47. Ne8+ Kf8 48. Rxd7 Rxd7 49. Nxf6 Rd3 50. h5 Rxa3 51.
g5 a5 52. bxa5 Rxa5 53. h6 b4+ 54. Ke4 b3 55. Kd3 Rb5 56. f5 b2 0-1

[Event "*** SCC Grand Prix: Titled Tuesday Blitz"]
[Site "Chess.com"]
[Date "2020.08.25"]
[Round "8"]
[White "catzapto"]
[Black "shineatchess"]
[Result "0-1"]
[WhiteElo "2054"]
[BlackElo "2221"]
[TimeControl "180+1"]
[EndTime "11:37:28 PDT"]
[Termination "shineatchess won by checkmate"]

1. e4 Nf6 2. Nc3 d5 3. exd5 Nxd5 4. Bc4 c6 5. Qf3 e6 6. Nge2 Be7 7. O-O O-O 8. d4 Nd7 9. Nxd5 exd5 10. Bd3 Nf6 11.
h3 h6 12. Ng3 Re8 13. Nf5 Bxf5 14. Qxf5 Qd7 15. Qf3 Ne4 16. Bxe4 dxe4 17. Qxe4 Bf6 18. Qd3 Qxd4 19. Qxd4 Bxd4 20. c3 Bb6 21. a4 a5 22.
b4 Re2 23. Rb1 Rae8 24. b5 Rxf2 25. Rxf2 Re1+ 26. Kh2 Bxf2 27. bxc6 bxc6 28. Rb8+ Kh7 29. Bf4 Re4 30. Bg3 Bxg3+ 31. Kxg3 Rxa4 32. Ra8 Ra3 33.
Kh2 Rxc3 34. Rxa5 c5 35. Ra7 Kg6 36. h4 h5 37. g3 Rc2+ 38. Kh3 c4 39. Rc7 c3 40.
Rc5 f6 41. Rd5 Rd2 42. Rc5 c2 43. Rc4 Kh6 44. Rc5 g5 45. hxg5+ fxg5 46. Rc6+ Kg7 47. g4 h4 48. Rc7+ Kf6 49. Rc6+ Ke5 50. Rc5+ Kd4 51. Rxg5 c1=Q 52. Rg8 Qh1# 0-1

[Event "*** SCC Grand Prix: Titled Tuesday Blitz"]
[Site "Chess.com"]
[Date "2020.08.25"]
[Round "8"]
[White "Fh2411"]
[Black "guillembaches"]
[Result "1-0"]
[WhiteElo "2540"]
[BlackElo "2415"]
[TimeControl "180+1"]
[EndTime "11:37:29 PDT"]
[Termination "Fh2411 won by resignation"]

1. d4 Nf6 2. Nf3 e6 3. Bg5 h6 4. Bh4 d6 5. e3 g5 6. Bg3 Nh5 7.
Nbd2 Bg7 8. Bd3 Qe7 9. c3 f5 10. Ng1 Qf7 11. Be2 g4 12. Bc4 d5 13. Bd3 Nxg3 14. hxg3 Nd7 15. Ne2 Nf6 16. Nf4 Bd7 17. Qb3 O-O-O 18. O-O-O Kb8 19. Kb1 Rc8 20. Ba6 Bc6 21. Nd3 Nd7 22. Nb4 Nb6 23. Nxc6+ bxc6 24. Bxc8 Rxc8 25. Rc1 Ka8 26. c4 Rb8 27. cxd5 cxd5 28. Qc2 Rb7 29. Ka1 Bf8 30. Qc6 Kb8 31. a3 Nc8 32. Rc3 Rb6 33. Qa4 h5 34. Nb3 Nd6 35. Nc5 Ne4 36. Nd7+ Kb7 37. Nxb6 axb6 38. Qc2 Bd6 39. Rc6 Nxf2 40. Rc1 Ne4 41. a4 Qe8 42. Kb1 Qb8 43. a5 bxa5 44. Qa4 Kc8 45. Qxa5 Kd7 46.
Qa6 Qb4 47. Qa7 Nd2+ 48. Ka2 Qb3+ 49. Ka1 Nc4 50. Qa2 Qxa2+ 51. Kxa2 Kxc6 52. b3 Kb5 53.
bxc4+ dxc4 54. Rh1 Bxg3 55. Rxh5 Bf2 56. e4 c3 57. exf5 Kc4 58. Kb1 Bxd4 59. fxe6 Kd3 60.
Rd5 c2+ 61. Kc1 Kc3 62. Rxd4 Kxd4 63. e7 1-0

[Event "*** SCC Grand Prix: Titled Tuesday Blitz"]
[Site "Chess.com"]
[Date "2020.08.25"]
[Round "8"]
[White "abfchess"]
[Black "ketster"]
[Result "0-1"]
[WhiteElo "2171"]
[BlackElo "2445"]
[TimeControl "180+1"]
[EndTime "11:37:30 PDT"]
[Termination "ketster won by checkmate"]

1. d4 Nf6 2. Nf3 d5 3. Bg5 Ne4 4. Bf4 c5 5. c3 Nc6 6. e3 Qb6 7. Qb3 c4 8. Qxb6 axb6 9. Nbd2 Nxd2 10. Kxd2 b5 11. Be2 b4 12. Ne5 e6 13.
e4 f6 14. Nxc6 bxc6 15. Bf3 Bd7 16. Rhe1 Kf7 17. b3 bxc3+ 18. Kxc3 cxb3 19. axb3 Be7 20. e5 f5 21. g3 c5 22. Be3 cxd4+ 23. Bxd4 Rhb8 24.
Rxa8 Rxa8 25. Kb2 Ba3+ 26. Kc2 Bb4 27. Ra1 Rxa1 28. Bxa1 Bc5 29. Be2 Bxf2 30. b4 Bg1 31.
b5 Bxh2 32. b6 Bc8 33. g4 fxg4 34. Bxg4 Bg1 35. Kd3 Bxb6 36. Bc3 g6 37. Bd2 h5 38.
Bf3 Bd8 39. Be3 Ba6+ 40. Kd2 Ba5+ 41. Kd1 Bc3 42. Bf4 d4 43. Bc6 Bc4 44. Bb7 d3 45.
Be4 Kg7 46. Bg5 Bxe5 47. Bd8 Bf6 48. Bb6 g5 49. Be3 g4 50. Kd2 h4 51. Bf4 g3 52.
Ke3 e5 53. Bxe5 Bxe5 54. Kf3 d2 55. Bc2 Bd5+ 56. Ke2 Bc3 57. Kf1 h3 58. Kg1 h2+ 59. Kf1 h1=Q+ 60. Ke2 Qe1+ 61. Kd3 d1=Q+ 62. Bxd1 Qxd1+ 63.
Kxc3 g2 64. Kb4 g1=Q 65. Ka5 Qc5+ 66. Ka6 Qa1# 0-1

[Event "*** SCC Grand Prix: Titled Tuesday Blitz"]
[Site "Chess.com"]
[Date "2020.08.25"]
[Round "8"]
[White "hongnhung1234"]
[Black "Bodnar_Mykola"]
[Result "0-1"]
[WhiteElo "2362"]
[BlackElo "2509"]
[TimeControl "180+1"]
[EndTime "11:37:32 PDT"]
[Termination "Bodnar_Mykola won by checkmate"]

1. e4 e5 2. Nf3 Nc6 3. d4 exd4 4. Nxd4 Bc5 5. Be3 Qf6 6. c3 Nge7 7. Bc4 Ne5 8. Bb3 d6 9. O-O O-O 10. Nc2 Bb6 11.
Bxb6 axb6 12. f4 N5g6 13. Qf3 Qh4 14. Ne3 Kh8 15. Nd2 f5 16. exf5 Nxf5 17. Rae1 c6 18. Nxf5 Bxf5 19. Nc4 d5 20. Nxb6 Rad8 21. Na4 d4 22.
cxd4 Rxd4 23. Qg3 Rxf4 24. Qxh4 Rxh4 25. Nc5 b6 26. Ne6 Bxe6 27. Rxf8+ Nxf8 28. Bxe6 Rd4 29. Bf7 g6 30. Re8 Kg7 31. Bb3 Rd2 32. Re7+ Kh6 33.
Rf7 Nd7 34. Re7 Nc5 35. Bg8 Rxb2 36. h4 Kh5 37. Rxh7+ Kg4 38. Rg7 Rb1+ 39. Kh2 Kxh4 40. Rxg6 Ne4 41. Be6 Nf2 42. g3+ Kh5 43. Rg8 Rb2 44.
Kg1 Ne4 45. Bf5 Nf6 46. g4+ Kh4 47. Rd8 Kg3 48. Rd3+ Kf4 49. Rd1 Kg5 50. Kf1 Nd5 51. Rc1 c5 52. Rc3 Nxc3 53. Kg1 Rxa2 54. Be6 Rb2 55. Bf5 Ne2+ 56. Kf2 Nd4+ 57. Ke3 Nxf5+ 58.
Kd3 Rb4 59. Kc3 Rxg4 60. Kb3 Rf4 61. Ka3 b5 62. Ka2 Kf6 63. Ka3 Ke5 64. Kb3 Kd5 65.
Ka3 b4+ 66. Ka2 Rf3 67. Ka1 Kc4 68. Kb2 Nd4 69. Ka1 Kb3 70. Kb1 Rf1# 0-1

[Event "*** SCC Grand Prix: Titled Tuesday Blitz"]
[Site "Chess.com"]
[Date "2020.08.25"]
[Round "8"]
[White "Fandorine"]
[Black "reutik"]
[Result "1-0"]
[WhiteElo "2905"]
[BlackElo "2315"]
[TimeControl "180+1"]
[EndTime "11:37:33 PDT"]
[Termination "Fandorine won by resignation"]

1. d4 Nf6 2. c4 e6 3. Nf3 b6 4. g3 Ba6 5. Qc2 c5 6. d5 exd5 7. cxd5 Bb7 8. Bg2 Bxd5 9. O-O Be7 10. Rd1 Bc6 11. Nc3 O-O 12. Bf4 h6 13. h4 Re8 14. e4 Qc8 15. Ne5 Bb7 16. Qb3 Rf8 17.
Ng6 Re8 18. e5 Nh7 19. Nxe7+ Rxe7 20. Bxb7 Qxb7 21. Nb5 Nc6 22. Nd6 Qa6 23. Nf5 Re6 24. Rxd7 c4 25. Qf3 Rf8 26. Qg4 Rg6 27. Qe2 Re8 28. h5 Rge6 29. Qg4 Ng5 30. Nxg7 Kxg7 31. Bxg5 Nxe5 32. Bxh6+ Kxh6 33. Qf4+ Kg7 34. Rd5 Qc8 35. Rad1 R6e7 36. Qg5+ Kh7 37. Kg2 Qc6 38. Qf5+ Kg7 39. Rd4 Rd7 40. Qg5+ Kh7 41. h6 f6 42. Qf5+ Kxh6 43. Qf4+ Kg7 44. Qe4 Rxd5 45. Rxd5 Rd8 46. Rxe5 Qxe4+ 47. Rxe4 Rd2 48. Rxc4 Rxb2 49. Rc7+ Kg6 50.
Rxa7 b5 51. a3 b4 52. a4 Ra2 53. a5 b3 54. a6 b2 55. Rb7 Rxa6 56. Rxb2 Ra4 57.
Re2 Kg5 58. Rd2 Kf5 59. Rd8 Kg5 60.
Re8 Kg6 61. Kf3 Rb4 62. Re4 Ra4 63. Rxa4 1-0

[Event "*** SCC Grand Prix: Titled Tuesday Blitz"]
[Site "Chess.com"]
[Date "2020.08.25"]
[Round "8"]
[White "Koksik_13"]
[Black "GigaQuparadze"]
[Result "1/2-1/2"]
[WhiteElo "2677"]
[BlackElo "2809"]
[TimeControl "180+1"]
[EndTime "11:37:35 PDT"]
[Termination "Game drawn by repetition"]

1. e4 c5 2. Nf3 Nc6 3. c3 d5 4. exd5 Qxd5 5. d4 Bg4 6. Be2 e6 7. O-O Nf6 8. Be3 cxd4 9. Nxd4 Bxe2 10. Qxe2 Be7 11. Rd1 Nxd4 12. Bxd4 Qc6 13. Nd2 O-O 14. Nf3 Nd5 15. Ne5 Qc7 16. Qg4 Bf6 17. Qg3 b5 18. Rd3 Be7 19. Re1 f6 20. Qg4 Qc8 21. Rg3 g5 22.
Qh5 Qe8 23. Qh6 fxe5 24. Rxe5 Qg6 25. Rexg5 Bxg5 26. Rxg5 Kf7 27. Rxg6 hxg6 28. Qh7+ Ke8 29. Qxg6+ Kd7 30. h4 Rg8 31. Qf7+ Kd6 32. f4 Ne7 33. Bc5+ Kxc5 34. Qxe7+ Kd5 35. Qd7+ Ke4 36. Qd4+ Kf5 37. Qe5+ Kg4 38. Qxe6+ Kxf4 39. h5 Kg5 40. Qe5+ Kh6 41. Qxb5 a6 42. Qf5 a5 43. g4 Raf8 44. Qe6+ Kg5 45. Kg2 Kh4 46. Kh2 Rf2+ 47. Kg1 Rf4 48. Qe7+ Kg3 49. Qe1+ Kf3 50. Qf1+ Kg3 51. Qe1+ Kf3 52.
Qf1+ Ke3 53. Qe1+ Kf3 1/2-1/2

[Event "*** SCC Grand Prix: Titled Tuesday Blitz"]
[Site "Chess.com"]
[Date "2020.08.25"]
[Round "8"]
[White "Natalya_Buksa"]
[Black "Tooweak2slow03"]
[Result "1/2-1/2"]
[WhiteElo "2518"]
[BlackElo "2694"]
[TimeControl "180+1"]
[EndTime "11:37:36 PDT"]
[Termination "Game drawn - insufficient material"]

1. d4 e6 2. Nc3 Bb4 3. e4 d5 4. Ne2 dxe4 5. a3 Bxc3+ 6. Nxc3 Nf6 7. Bg5 h6 8. Bxf6 Qxf6 9. Nxe4 Qe7 10. Bd3 b6 11.
Qg4 f5 12. Qg6+ Qf7 13. Qxf7+ Kxf7 14. Nd2 Bb7 15. Rg1 Rd8 16. Nb3 a6 17. O-O-O Nc6 18. Bc4 Ne7 19. Rge1 Bd5 20. Bxd5 exd5 21. Nd2 Nc6 22.
Nf3 Re8 23. Ne5+ Nxe5 24. dxe5 Ke6 25. f4 g5 26. g3 c5 27. Kd2 Rad8 28. Ke3 d4+ 29. Kf3 g4+ 30. Ke2 b5 31. Rd2 h5 32.
Red1 h4 33. c3 hxg3 34. hxg3 Rh8 35. cxd4 cxd4 36. Rxd4 Rh2+ 37. Ke3 Rxd4 38. Rxd4 Rxb2 39. Rd6+ Ke7 40. Rxa6 Rb3+ 41. Kd4 Rxg3 42. Rf6 Rxa3 43. Rxf5 Ra4+ 44. Kd5 b4 45. Rg5 b3 46. Rxg4 Rb4 47. Rg1 Rxf4 48. Rg7+ Rf7 49. Rg3 b2 50. Rb3 Rf2 51.
Rb7+ Kd8 52. Ke6 Kc8 53. Rb3 Kd8 54. Rb4 Re2 55. Kd6 Kc8 56. e6 Rd2+ 57. Ke7 Re2 58.
Rb3 Kc7 59. Rb4 Kc8 60. Kf7 Kc7 61. e7 Rf2+ 62. Ke8 Kd6 63. Rd4+ Kc5 64. Rd1 Kc4 65. Kd8 Re2 66. e8=Q Rxe8+ 67. Kxe8 Kc3 68. Rg1 Kc2 69. Rh1 b1=Q 70. Rxb1 Kxb1 1/2-1/2

[Event "*** SCC Grand Prix: Titled Tuesday Blitz"]
[Site "Chess.com"]
[Date "2020.08.25"]
[Round "8"]
[White "Crazy_girl99"]
[Black "lider34"]
[Result "1-0"]
[WhiteElo "2518"]
[BlackElo "2404"]
[TimeControl "180+1"]
[EndTime "11:37:36 PDT"]
[Termination "Crazy_girl99 won on time"]

1. e4 c6 2. d4 d5 3. e5 Bf5 4. Nf3 e6 5. Be2 Nd7 6. Nbd2 Bg6 7. Nb3 Ne7 8. O-O Nf5 9. a4 Be7 10. a5 O-O 11. c4 dxc4 12. Bxc4 Rc8 13. Qe2 Qc7 14. Bf4 Rfd8 15. Rfd1 Bh5 16. Qe4 Bg6 17. Qe1 Bh5 18. Be2 Nf8 19. Qc3 Ng6 20. Be3 Ngh4 21. Nxh4 Bxe2 22. Nxf5 exf5 23. Rd2 Bb5 24. Rc1 Rd5 25.
f3 Rcd8 26. Ra1 h6 27. Nc1 Qd7 28. Ne2 g5 29. f4 Qe6 30. Rf1 R5d7 31. b4 Kh7 32. Rf2 b6 33. g3 bxa5 34. bxa5 a6 35. Nc1 Qg6 36. Nb3 Qe6 37. Nc5 Bxc5 38. Qxc5 Qb3 39. Qc2 Qxe3 40. Qxf5+ Kg8 41. fxg5 Qxg5 42. Qe4 Qg6 43. Qe3 Qg5 44. Qe4 Rd5 45. h4 Qg6 46. Qe3 h5 47. Kh2 Qg4 48. Rf4 Qg7 49. Rdf2 R5d7 50.
Qf3 Qg6 51. Rf6 Qg4 52. Qe3 Kf8 53. e6 Ke7 54. exd7+ Kxd7 55. Rxf7+ Kc8 56. R7f4 1-0

[Event "*** SCC Grand Prix: Titled Tuesday Blitz"]
[Site "Chess.com"]
[Date "2020.08.25"]
[Round "8"]
[White "AttackSparrow"]
[Black "Ermito2020"]
[Result "1-0"]
[WhiteElo "2419"]
[BlackElo "2621"]
[TimeControl "180+1"]
[EndTime "11:37:37 PDT"]
[Termination "AttackSparrow won by resignation"]

1. e4 c6 2. d4 d5 3. exd5 cxd5 4. c4 Nf6 5. Nc3 g6 6. cxd5 Bg7 7. Bb5+ Nbd7 8. d6 exd6 9. Qe2+ Qe7 10. Bf4 Qxe2+ 11.
Bxe2 Nb6 12. Bxd6 Nfd5 13. Nf3 Be6 14. Bb5+ Bd7 15. Nxd5 Nxd5 16. Bxd7+ Kxd7 17. Be5 f6 18. Bg3 Rhe8+ 19. Kd1 Rac8 20. Rc1 Rxc1+ 21. Kxc1 Nb4 22. a3 Rc8+ 23. Kb1 Nd5 24. Rc1 Re8 25. Re1 Rc8 26. Nd2 b6 27. Rc1 Re8 28. Nf3 Bh6 29. Re1 Rc8 30. Re2 Rc1+ 31. Ka2 Rd1 32. Re1 Rd3 33. Kb1 Rb3 34. Kc2 Rb5 35. Re2 a5 36. Kd3 a4 37.
Kc4 Ra5 38. Nd2 Bxd2 39. Rxd2 Kc6 40. Re2 b5+ 41. Kd3 Kd7 42. Rc2 Ra6 43. Rc5 Ke6 44. Rxb5 Rc6 45. Ke4 f5+ 46. Kd3 f4 47. Bh4 Rc1 48.
Kd2 Rh1 49. h3 Rg1 50. g4 Rh1 51. Ra5 Rxh3 52. Bd8 Rb3 53. Kc2 Rf3 54. Ra6+ Kd7 55. Bh4 Rh3 56. Bg5 Rh2 57. Rxa4 Rxf2+ 58. Kd3 Rf3+ 59.
Ke4 Nb6 60. Ra7+ Kc6 61. Kxf3 Nc4 62. Rxh7 Nd2+ 63. Kxf4 Nc4 64. Rh6 Kd5 65. Rxg6 Kxd4 66. Rf6 Kd5 67. Rf5+ Kd4 68. b4 Nb2 69. b5 Nd3+ 70.
Kg3 Kc4 71. b6 Nc5 72. Rxc5+ Kxc5 73. b7 1-0

[Event "*** SCC Grand Prix: Titled Tuesday Blitz"]
[Site "Chess.com"]
[Date "2020.08.25"]
[Round "8"]
[White "romulocardoso"]
[Black "elegant285"]
[Result "1-0"]
[WhiteElo "2049"]
[BlackElo "2347"]
[TimeControl "180+1"]
[EndTime "11:37:37 PDT"]
[Termination "romulocardoso won by checkmate"]

1. e4 c6 2. d4 d5 3. exd5 cxd5 4. c4 Nf6 5. Nc3 Nc6 6. Nf3 g6 7. cxd5 Nxd5 8. Bc4 Nxc3 9. bxc3 Bg7 10. O-O O-O 11. Ba3 Qc7 12. Re1 Bg4 13. Bb5 Rfe8 14.
Rc1 a6 15. Bxc6 Qxc6 16. Rxe7 Bxf3 17. Qxf3 Qxf3 18. gxf3 Rxe7 19. Bxe7 Rc8 20. Bc5 f5 21. Bb6 Kf7 22. c4 Rc6 23. Ba7 b5 24. Bc5 bxc4 25.
Rxc4 Bxd4 26. Rxd4 Rxc5 27. Rd7+ Kg8 28. Kg2 Ra5 29. Rd2 Kf7 30. Rd7+ Kf6 31. Rd2 Ra3 32. Kg3 Ke5 33. Re2+ Kd5 34. Kf4 Ra4+ 35. Kg5 Rc4 36. h4 Rc1 37. Kh6 Rc7 38. Rb2 Ke5 39. Rb4 f4 40. Kg5 Rf7 41. Rb6 Rf5+ 42. Kg4 h5+ 43.
Kh3 Rf6 44. Rb4 Rc6 45. Re4+ Kf5 46. Ra4 Rb6 47. Ra5+ Kf6 48. Ra4 Rb2 49. Rxf4+ Ke5 50. Ra4 Rxf2 51. Kg3 Rb2 52. Rxa6 Kf5 53. Ra5+ Kf6 54.
Ra6+ Kg7 55. a4 Rb4 56. a5 Ra4 57. Ra7+ Kh6 58. a6 g5 59. hxg5+ Kxg5 60. Ra8 h4+ 61. Kh3 Kf6 62. a7 Kg7 63. f4 Kh7 64. f5 Kg7 65. f6+ Kxf6 66. Rf8+ Kg7 67. a8=Q Rxa8 68. Rxa8 Kg6 69.
Kxh4 Kh6 70. Ra6+ Kg7 71. Kg5 Kf7 72. Rf6+ Ke7 73. Kf5 Kd7 74. Re6 Kc7 75. Ke5 Kd7 76. Kd5 Kc7 77. Rd6 Kb7 78. Rc6 Ka7 79. Kc5 Kb7 80.
Kb5 Ka7 81. Rc7+ Kb8 82. Kb6 Ka8 83. Rc8# 1-0

[Event "*** SCC Grand Prix: Titled Tuesday Blitz"]
[Site "Chess.com"]
[Date "2020.08.25"]
[Round "8"]
[White "Jovidon91"]
[Black "wannabe2700"]
[Result "1-0"]
[WhiteElo "2478"]
[BlackElo "2616"]
[TimeControl "180+1"]
[EndTime "11:37:38 PDT"]
[Termination "Jovidon91 won by resignation"]

1. d4 f5 2. Nc3 Nf6 3. Bg5 d5 4. Bxf6 exf6 5. e3 Be6 6. Nge2 Qd7 7. Nf4 Bf7 8. Bd3 Nc6 9. Qf3 O-O-O 10. Bb5 a6 11.
Ba4 g5 12. Nd3 h5 13. a3 h4 14. Qe2 f4 15. Nb4 Bxb4 16. axb4 Qd6 17. Bxc6 Qxc6 18.
b5 axb5 19. Qxb5 Qxb5 20. Nxb5 Rde8 21. Kd2 fxe3+ 22. fxe3 Kd7 23. Ra7 Bg6 24. Rf1 Rhf8 25. Nc3 Kc6 26. Ra5 b6 27. Ra7 Be4 28. Rf2 f5 29. b4 f4 30. exf4 Rxf4 31. Re2 Ref8 32. b5+ Kd6 33. Nd1 Bf5 34. c3 Bd7 35. Re5 Rg4 36. Ne3 Rf2+ 37. Ke1 Rgxg2 38. Nxg2 Rxg2 39. Ra8 h3 40. Rg8 Bxb5 41. Rexg5 Rxh2 42. R5g6+ Kd7 43. R6g7+ Kc6 44. Rc8 Kb7 45. Rcxc7+ Kb8 46. Rcf7 Ba6 47. Rg8+ Bc8 48. Rff8 Rg2 49. Rxc8+ Kb7 50. Rxg2 Kxc8 51. Rh2 Kc7 52. Rxh3 Kc6 53. Kd2 Kb5 54. Kd3 Ka4 55.
Rh5 b5 56. Rxd5 b4 57. cxb4 Kb3 58. Rc5 Ka4 59. b5 Kb3 60. b6 Ka4 61. b7 Kb4 62.
b8=Q+ 1-0

[Event "*** SCC Grand Prix: Titled Tuesday Blitz"]
[Site "Chess.com"]
[Date "2020.08.25"]
[Round "8"]
[White "QuintilianoR"]
[Black "djano"]
[Result "1/2-1/2"]
[WhiteElo "2604"]
[BlackElo "2473"]
[TimeControl "180+1"]
[EndTime "11:37:38 PDT"]
[Termination "Game drawn by repetition"]

1. Nf3 d5 2. e3 c6 3. c4 Nf6 4.
Nc3 a6 5. d4 g6 6. Be2 Bg4 7. b3 Bg7 8. O-O O-O 9. Bb2 b5 10.
h3 Bxf3 11. Bxf3 e6 12. Qd3 Nbd7 13. Rad1 Qb6 14. Ba1 Rfd8 15. Qe2 Rac8 16. e4 dxe4 17.
Nxe4 Nxe4 18. Qxe4 bxc4 19. bxc4 Qb4 20. Qc2 Nb6 21.
Be2 Qa4 22. Qb3 Rb8 23. Rb1 Qa5 24. Rfd1 Nd7 25. Qc2 h5 26. Bc3 Qg5 27. c5 Nf6 28. Bxa6 Nd5 29. Bd2 Qh4 30. Rxb8 Rxb8 31. Be1 Nb4 32.
Qa4 Bxd4 33. Bf1 e5 34. Qa7 Rf8 35. Qb7 Nd5 36. Qxc6 Nf4 37. Qf3 Qg5 38. g3 Ne6 39. Kh2 Nxc5 40. h4 Qe7 41. Qd5 Ne6 42. Qe4 Qf6 43. Qg2 Rd8 44. Bc4 Qe7 45. Bxe6 Qxe6 46. Qe4 Rf8 47. Rd2 Qc4 48. Re2 Qc5 49. Qc2 Qe7 50.
Qd3 Qa7 51. Qc2 Qb6 52. Kg1 Qa7 53. Bc3 Qb6 54. Bxd4 Qxd4 55. Qe4 Qd1+ 56. Kg2 Re8 57. Qf3 Qd6 58. Re4 Qe6 59. Re2 Qd6 60. Qb3 Qc6+ 61.
Qf3 Qd6 1/2-1/2

[Event "*** SCC Grand Prix: Titled Tuesday Blitz"]
[Site "Chess.com"]
[Date "2020.08.25"]
[Round "8"]
[White "anon569"]
[Black "FearNoEvil12"]
[Result "0-1"]
[WhiteElo "2279"]
[BlackElo "1981"]
[TimeControl "180+1"]
[EndTime "11:37:39 PDT"]
[Termination "FearNoEvil12 won on time"]

1. e4 a6 2. d4 b5 3. Bd3 Bb7 4. Nf3 e6 5. c3 Nf6 6. Nbd2 d6 7. Qe2 Nbd7 8. e5 Nd5 9. Ne4 h6 10. O-O g5 11. exd6 cxd6 12. h3 Rg8 13. Bd2 N7f6 14. Rfe1 Be7 15. Nxf6+ Nxf6 16. Nh2 h5 17. b3 g4 18.
hxg4 Nxg4 19. Be4 Qc7 20. Nf3 O-O-O 21. a4 Bxe4 22. Qxe4 Qb7 23. axb5 Qxe4 24. Rxe4 axb5 25. Ra7 Bf6 26. Rxf7 Rde8 27. Rh7 Bd8 28. Re1 Ref8 29. Kf1 e5 30. Rxh5 exd4 31. cxd4 Kd7 32. Rxb5 Bf6 33. Rb7+ Kc6 34. Rb4 Rh8 35. Rc1+ Kd7 36. Ke2 Re8+ 37. Kd3 Nxf2+ 38. Kc2 Rc8+ 39. Rc4 d5 40. Rxc8 Rxc8+ 41. Kb1 Rb8 42. Rf1 Ne4 43. Kc2 Rc8+ 44. Kd3 Ke6 45. b4 Nxd2 46. Nxd2 Rb8 47. Rb1 Rb5 48. Kc3 Kf5 49. Nf3 Kf4 50. Re1 Rb6 51. Re6 Rxe6 52. Kd3 Re3+ 53. Kd2 Rxf3 54. gxf3 Kxf3 55. Kd3 Bd8 56.
b5 Bb6 57. Kc3 Ke4 58. Kb4 Bxd4 59. Ka5 Bc5 60. b6 Bd6 61. b7 d4 62. Kb5 d3 0-1